 Dungeon Crawl Stone Soup version 0.29.1-12-g30fa7ad0bf (webtiles) character file.

Game seed: 16132572812646072600

133 nachturnus the Chopper (level 5, 0/41 HPs)
             Began as a Human Fighter on Dec 31, 2022.
             Slain by a gnoll bouda
             ... wielding a +0 whip
              (7 damage)
             ... on level 3 of the Dungeon.
             The game lasted 00:11:42 (2726 turns).

nachturnus the Chopper (Human Fighter)              Turns: 2726, Time: 00:11:43

Health: 0/41       AC:  7    Str: 18    XL:     5   Next: 40%
Magic:  15/15      EV: 10    Int:  9    God:
Gold:   103        SH:  4    Dex: 12    Spells: 5/6 levels left

rFire   . . .      SeeInvis .   a - +0 war axe
rCold   . . .      Faith    .   c - +0 buckler
rNeg    . . .      Spirit   .   i - +2 ring mail {rPois}
rPois   +          Reflect  .   (no helmet)
rElec   .          Harm     .   (no cloak)
rCorr   .          Rampage  .   (no gloves)
Will    .....                   (no boots)
Stlth   +.........              o - amulet of magic regeneration
HPRegen 0.13/turn               r - ring of magical power
MPRegen 0.54/turn               (no ring)

@: weakened
A: no striking features
a: no special abilities


You were on level 3 of the Dungeon.
You visited 1 branch of the dungeon, and saw 3 of its levels.

You collected 103 gold pieces.

Inventory:

Hand Weapons
 a - a +0 war axe (weapon)
Armour
 b - a +0 scale mail
 c - a +0 buckler (worn)
 f - a +0 leather armour
 i - a +2 ring mail of poison resistance (worn)
 m - a +1 chain mail of cold resistance
Jewellery
 o - an amulet of magic regeneration (around neck)
 r - a ring of magical power (left hand)
Potions
 d - a potion of might
 e - a potion of resistance {unknown}
 l - a potion of brilliance {unknown}
 q - a potion of attraction {unknown}


   Skills:
 - Level 3.0 Fighting
 + Level 3.9 Axes
 - Level 3.0 Armour
 - Level 3.0 Shields
 - Level 1.0 Spellcasting
 + Level 2.7 Necromancy


You had 5 spell levels left.
You knew the following spells:

 Your Spells              Type           Power      Damage    Failure   Level
a - Necrotise             Necr           20%        1d5       28%         1

Your spell library contained the following spells:

 Spells                   Type           Power      Damage    Failure   Level
 Apportation              Tloc           0%         N/A       63%         1
 Summon Small Mammal      Summ           0%         N/A       63%         1


Dungeon Overview and Level Annotations

Branches:
Dungeon (3/15)

Altars:
Ru
Vehumet


Message History

The gnoll bouda is moderately wounded.
You barely miss the gnoll. You hit the gnoll. You block the gnoll's attack.
The gnoll bouda barely misses you. The gnoll misses you.
The gnoll closely misses you.
You closely miss the gnoll bouda.
The gnoll bouda is moderately wounded.
You hit the gnoll. You barely miss the gnoll.
The gnoll bouda barely misses you. The gnoll hits you but does no damage.
The gnoll barely misses you. The gnoll bouda completely misses you.
You hit the gnoll bouda.
The gnoll bouda is heavily wounded.
You hit the gnoll. x2
Your attacks no longer feel as feeble.
The gnoll hits you but does no damage. The gnoll hits you with a +0 whip.
The gnoll bouda hits you with a +0 whip!
* * * LOW HITPOINT WARNING * * *
You block the gnoll's attack.
You feel better. The gnoll closely misses you.
The gnoll bouda barely misses you. You block the gnoll's attack.
You closely miss the gnoll bouda.
The gnoll bouda is heavily wounded.
You hit the gnoll. You slash the gnoll! You block the gnoll's attack.
The gnoll bouda gazes fiercely through you!
You feel your attacks grow feeble. The gnoll bouda misses you.
The gnoll hits you with a +0 club.
* * * LOW HITPOINT WARNING * * *
The gnoll barely misses you.
You completely miss the gnoll bouda.
The gnoll bouda is heavily wounded.
You hit the gnoll.
You kill the gnoll!
You closely miss the gnoll. The gnoll bouda closely misses you.
The gnoll hits you but does no damage.
The gnoll bouda hits you but does no damage.
You hit the gnoll bouda but do no damage.
The gnoll bouda is heavily wounded.
You hit the gnoll. The gnoll hits you with a +0 club.
* * * LOW HITPOINT WARNING * * *
The gnoll bouda hits you with a +0 whip!
You die...

##.##.##.###.####............#
#.....#.##..# ####.###...###
#.##..#.##.## #.....#.#
#.)...†.##.# ####....#
##...#(############# ##..g.
...................# #).g..
.#.##..............# #..##..
##.#...#.#.#...)...# ##.# #..
...............g@..# .#
.##..#..#.#..#.g#..# .#
###.............#..# ###.#
..#..#.#._.#.#..#..####...#
..#.............#####.g)###
..#..#..#.#..#..#.....###
..................#####
.......#.#.#.....##
#####.........####


You could see a gnoll bouda and a gnoll (swift).

Vanquished Creatures
  3 gnolls (D:3)
  4 adders
  2 dart slugs
  7 ball pythons (D:1)
  5 bats
  8 endoplasms
  3 giant cockroaches
  3 goblins
  9 hobgoblins
  5 jackals
  3 kobolds
  3 frilled lizards (D:2)
  3 rats
58 creatures vanquished.

Notes
Turn   | Place    | Note
-------+----------+-------------------------------------------
     0 | D:1      | nachturnus the Human Fighter began the quest for the Orb.
     0 | D:1      | Reached XP level 1. HP: 18/18 MP: 1/1
   260 | D:1      | Reached XP level 2. HP: 24/24 MP: 1/3
   319 | D:1      | Found a faded altar of an unknown god.
   477 | D:1      | Reached skill level 1 in Spellcasting
   524 | D:1      | Learned a level 1 spell: Necrotise
   704 | D:1      | Reached XP level 3. HP: 20/29 MP: 4/4
   843 | D:1      | Reached skill level 1 in Necromancy
  1306 | D:2      | Reached XP level 4. HP: 33/35 MP: 5/5
  1931 | D:3      | Reached XP level 5. HP: 2/41 MP: 6/6
  2518 | D:3      | Found a radiant altar of Vehumet.
  2536 | D:3      | Found a sacrificial altar of Ru.
  2722 | D:3      | HP: 2/41 [gnoll bouda/+0 whip (11)]
  2726 | D:3      | Slain by a gnoll bouda

Illustrated notes

Levels and vault maps discovered:
D:1:      lightli_arrival_windingriver, layout_rooms,
          hellmonk_ecumenical_altar_inner_sanctum, grunt_decor_cap,
          minmay_misc_feat_tiny, kennysheep_another_room
D:2:      layout_basic, chequers_serial_rivers_small_b
D:3:      layout_rooms, mainiacjoe_overflow_catwalk, nicolae_vehumet_radiance,
          mainiacjoe_overflow_divided_tiny, fountainhead

Skill      XL: |  1  2  3  4 |
---------------+-------------+-----
Spellcasting   | 1 |  1.0
Necromancy     | 1 2 |  2.7
Axes           | 3 |  3.9
Fighting       | |  3.0
Armour         | |  3.0
Shields        | |  3.0

Action                   |  1- 3 |  4- 6 || total
-------------------------+-------+-------++-------
Melee: War axe           |    79 |    79 ||   158
  Use: Scroll            |       |     6 ||     6
       Potion            |       |     1 ||     1
Armor: Scale mail        |    11 |       ||    11
       Ring mail         |    24 |    35 ||    59
Dodge: Dodged            |    34 |    50 ||    84
Block: Buckler           |    12 |    14 ||    26
